AoeStats
← Carple

Migration

504092005Analyzed
1v1 RM · 29d ago on Sep 3, 2026· 35m 56s· 2 players
Game mode
Random Map
Map size
132×132
Population
200
Speed
Normal
Resources
Standard
Victory
Conquest
Starting age
Dark Age
Ending age
Imperial Age
RankedLock teamsTeams togetherTeam positionsShared explorationLock speedFull tech treeHidden civsTurbo modeCheats
Victory
Defeat
🇦🇷 Vikings · Argentina
1233
+16
🇨🇦 Spanish · Canada
1232
-16
Carple
10:38 Loom
12:51 Feudal Age
13:50 Double-Bit Axe
13:48 Fishing Lines
18:35 Castle Age
16:31 Gold Mining
16:53 Horse Collar
17:05 Stone Mining
18:33 Forging
18:14 Fletching
18:25 Padded Archer Armor
19:35 Medium Warships
20:10 Iron Casting
19:37 Scale Mail Armor
21:25 Wheelbarrow
20:36 Town Watch
22:39 Clinker Construction
22:40 Careening
23:59 Husbandry
24:10 Bloodlines
24:33 Bodkin Arrow
26:06 Ballistics
32:52 Heavy Plow
38:31 Imperial Age
Tinch0v
0:47 Loom
13:09 Feudal Age
14:30 Double-Bit Axe
18:58 Castle Age
17:04 Fletching
18:47 Gold Mining
18:58 Fishing Lines
20:45 Bow Saw
21:26 Bodkin Arrow
25:05 Ballistics
26:27 Padded Archer Armor
29:41 Stone Mining
30:56 Town Watch
34:52 Imperial Age
35:16 Horse Collar
36:36 Two-Man Saw
36:12 Heavy Plow
36:51 Conscription
Connection lost

Rejoining the realm…

Still unreachable

The connection could not be restored.

Session expired

The server has moved on; the page needs a fresh start.